 Dungeon Crawl Stone Soup version 0.30.1-9-gdf580d7c3d (webtiles) character file.

Game seed: 16577085554825286233

63 Ivernyr the Twirler (level 4, 0/35 HPs)
             Began as a Formicid Fighter on Oct 5, 2023.
             Slain by an orc
             ... wielding a +0 trident
              (3 damage)
             ... on level 3 of the Dungeon.
             The game lasted 00:02:23 (1027 turns).

Ivernyr the Twirler (Formicid Fighter)              Turns: 1027, Time: 00:02:24

Health: 0/35       AC:  8    Str: 22    XL:     4   Next: 31%
Magic:  0/4        EV:  9    Int:  8    God:
Gold:   86         SH:  5    Dex: 13    Spells: 3/3 levels left

rFire   . . .        a - +0 quarterstaff
rCold   . . .        c - +0 buckler
rNeg    . . .        b - +0 scale mail
rPois   .            (helmet unavailable)
rElec   .            (no cloak)
rCorr   .            g - +0 pair of gloves {infuse}
SInv    +            (no boots)
Will    .....        (no amulet) Stlth
                     (no ring)
HPRegen 0.25/turn    (no ring)
MPRegen 0.09/turn

%: no passive effects
@: no status effects
A: permanent stasis, dig shafts and tunnels, antennae 3, four strong arms
a: Dig, Shaft Self


You were on level 3 of the Dungeon.
You visited 1 branch of the dungeon, and saw 4 of its levels.

You collected 86 gold pieces.

Inventory:

Hand Weapons
 a - a +0 quarterstaff (weapon)
Armour
 b - a +0 scale mail (worn)
 c - a +0 buckler (worn)
 g - a +0 pair of gloves of infusion (worn)
Jewellery
 j - a ring of poison resistance
Scrolls
 f - 2 scrolls of teleportation {unknown}
 h - a scroll of amnesia {unknown}
 i - 3 scrolls of identify {unknown}
Potions
 d - 2 potions of might
 e - a potion of resistance {unknown}


   Skills:
 - Level 3.2 Fighting
 + Level 4.2 Staves
 - Level 3.2 Armour
 - Level 4.0 Shields


You had 3 spell levels left.
You didn't know any spells.
Your spell library was empty.

Dungeon Overview and Level Annotations

Branches:
Dungeon (4/15)
 Temple: D:4-7

Altars:
Cheibriados
Nemelex Xobeh

Shops:
D:1 :


Innate Abilities, Weirdness & Mutations

You cannot be hasted, slowed, berserked, paralysed or teleported.
You can dig through walls and to a lower floor.
You have a pair of large antennae on your head. (SInv)
Your four strong arms can wield two-handed weapons with a shield.


Message History

Unknown command.
The orc shouts!
You hit the ball python but do no damage.
The ball python bites you but does no damage.
The ball python closely misses you.
The ball python bites you but does no damage.
You block the ball python's attack. The goblin barely misses you.
You closely miss the ball python.
The ball python bites you but does no damage.
The ball python grabs you. The ball python constricts you.
The goblin hits you but does no damage.
You sock the ball python!
You kill the ball python!
The orc wizard hits you but does no damage.
The goblin hits you but does no damage. The goblin attacks as you move away!
The goblin hits you with a +0 dagger.
* * * LOW HITPOINT WARNING * * *
The orc wizard hits you but does no damage.
The orc hits you but does no damage.
You see here a ball python corpse.
Found a snail-covered altar of Cheibriados.
Found an escape hatch in the ceiling.
The orc wizard hits you but does no damage.
The orc hits you but does no damage. The orc barely misses you.
Unknown command.
You sock the goblin!
You kill the goblin!
The orc hits you with a +0 club.
* * * LOW HITPOINT WARNING * * *
The orc wizard misses you. You block the orc's attack.
The orc wizard hits you but does no damage.
You block the orc's attack.
Things that are here:
a +0 dagger; a goblin corpse; a ball python corpse Unknown command.
You sock the orc!
You kill the orc!
The orc wizard barely misses you. The orc hits you but does no damage.
The orc hits you from afar with a +0 trident.
You die...

.#########....##
...?............
P.............##
P.............~#
.........>....~##
....._.......~~~#
_........)...#~~#
.............## ~
.......)o@....#
P.............#
P.......o......#
P..............#
P..............#
............####
............#
#...........#
#..........<#


You could see an orc wizard (invisible) and an orc.

Vanquished Creatures
  An orc priest (D:3)
  A dart slug (D:1)
  2 orcs (D:3)
  7 ball pythons
  2 bats (D:1)
  4 endoplasms
  4 goblins
  2 hobgoblins (D:1)
  A quokka (D:4)
  2 frilled lizards (D:1)
  A kobold (D:1)
  A rat (D:1)
28 creatures vanquished.

Notes
Turn   | Place    | Note
-------+----------+-------------------------------------------
     0 | D:1      | Ivernyr the Formicid Fighter began the quest for the Orb.
     0 | D:1      | Reached XP level 1. HP: 18/18 MP: 1/1
    50 | D:1      | Found a faded altar of an unknown god.
   121 | D:1      | Reached XP level 2. HP: 24/24 MP: 2/2
   543 | D:1      | Reached XP level 3. HP: 25/29 MP: 3/3
   626 | D:1      | Found Puwosoc's Book Shop.
   732 | D:2      | You fall into a shaft and drop 2 floors!
   988 | D:4      | Noticed a centaur
   998 | D:3      | Found a sparkling altar of Nemelex Xobeh.
  1019 | D:3      | Reached XP level 4. HP: 7/35 MP: 0/4
  1023 | D:3      | Found a snail-covered altar of Cheibriados.
  1027 | D:3      | Slain by an orc

Illustrated notes

Levels and vault maps discovered:
D:1:      saegor_arrival_simple_e, layout_loops_ring, serial_shops,
          nicolae_shop_behind_doors, chequers_ecumenical_altar_twisty,
          bh_walls_and_bars
D:2:      layout_basic, basic_altar, minmay_tetromino_s4
D:3:      layout_basic, overflow_temple_1_default,
          mainiacjoe_overflow_boulevard, chequers_serial_rivers_large_b,
          uniq_grinder, uniq_terence, uniq_natasha, uniq_crazy_yiuf_cottage
D:4:      layout_rooms

Skill      XL: |  1  2  3 |
---------------+----------+-----
Staves         | 3 4 |  4.2
Fighting       | |  3.2
Armour         | |  3.2
Shields        | |  4.0

Action                     |  1- 3 |  4- 6 || total
---------------------------+-------+-------++-------
  Melee: Quarterstaff      |    54 |     5 ||    59
 Armour: Scale mail        |    21 |    12 ||    33
  Dodge: Dodged            |    34 |     5 ||    39
  Block: Buckler           |    19 |     3 ||    22
